 Dungeon Crawl Stone Soup version 0.28.0-43-g3370ac3207 (webtiles) character file.

Game seed: 15378121060644899195

1019 pkoi the Cleaver (level 8, 0/77 HPs)
             Began as a Minotaur Gladiator on Mar 16, 2022.
             Slain by an orc warrior
             ... wielding a +2 vorpal hand axe
              (16 damage)
             ... on level 6 of the Dungeon.
             The game lasted 00:05:29 (6942 turns).

pkoi the Cleaver (Minotaur Gladiator)               Turns: 6942, Time: 00:05:30

Health: 0/77       AC:  3    Str: 20 (22) XL:     8   Next: 2%
Magic:  7/7        EV: 12    Int:  2 (5)  God:
Gold:   241        SH:  5    Dex:  9 (11) Spells: 7/7 levels left

rFire   . . .      SeeInvis .   a - +0 war axe
rCold   . . .      Faith    .   (no shield)
rNeg    . . .      Spirit   .   b - +0 leather armour
rPois   .          Reflect  +   c - +0 hat
rElec   .          Harm     .   (no cloak)
rCorr   .          Rampage  .   (no gloves)
Will    .....                   (no boots)
Stlth   +.........              i - amulet of reflection
HPRegen 0.22/turn               (no ring)
MPRegen 0.10/turn               (no ring)

@: hasted, very quick
A: horns 2, retaliatory headbutt, robust 1, MP-powered wands
a: no special abilities


You were on level 6 of the Dungeon.
You visited 1 branch of the dungeon, and saw 6 of its levels.

You collected 241 gold pieces.

Inventory:

Hand Weapons
 a - a +0 war axe (weapon)
Missiles
 d - 3 throwing nets (quivered)
 h - 5 javelins
Armour
 b - a +0 leather armour (worn)
 c - a +0 hat (worn)
Jewellery
 i - an amulet of reflection (around neck)
 p - a ring of fire
Potions
 e - 2 potions of heal wounds
 f - a potion of attraction
 g - 2 potions of curing
 j - 2 potions of might
 n - 2 potions of haste
 q - a potion of brilliance
 r - a potion of flight


   Skills:
 + Level 5.7 Fighting
 * Level 9.1 Axes
 - Level 2.0 Throwing
 + Level 4.9 Armour
 - Level 3.2 Dodging


You had 7 spell levels left.
You didn't know any spells.
Your spell library contained the following spells:

 Spells                   Type           Power      Damage    Failure   Level
 Animate Skeleton         Necr           0%         N/A       58%         1
 Apportation              Tloc           0%         N/A       58%         1
 Magic Dart               Conj           0%         1d3       58%         1
 Summon Small Mammal      Summ           0%         N/A       58%         1
 Call Imp                 Summ           0%         N/A       75%         2
 Corpse Rot               Necr/Air       0%         N/A       75%         2
 Poisonous Vapours        Pois/Air       0%         N/A       75%         2
 Dazzling Flash           Conj/Hex       0%         N/A       92%         3
 Mephitic Cloud           Conj/Pois/Air  0%         N/A       92%         3
 Agony                    Necr           0%         N/A       100%        5
 Silence                  Hex/Air        0%         N/A       100%        5


Dungeon Overview and Level Annotations

Branches:
Dungeon (6/15)
 Temple: D:4-7

Altars:

Shops:
D:2 [

Annotations:
D:3 wall vault
D:6 Sigmund


Innate Abilities, Weirdness & Mutations

You have a pair of horns on your head.
You reflexively headbutt those who attack you in melee.
You are robust. (+10% HP)
You expend magic power (3 MP) to strengthen your wands.


Message History

You feel stronger.
You closely miss something. Something hits you but does no damage.
Unknown command.
Unknown command.
Sorry, you're not good enough to have a special ability.
You aren't carrying any items that you can evoke.
Unknown command.
You aren't carrying any scrolls.
What are your orders? t - Shout!
Orders for allies: a - Attack new target. r - Retreat! s - Stop attacking. g - Guard the area. f - Follow me.
Anything else - Cancel.
Retreat in which direction?
Press: ? - help, Dir - move target, f - you
Okay, then.
Unknown command.
It was a potion of degeneration.
There was something very wrong with that liquid.
You feel weakened.
You feel dopey.
You feel clumsy. Something completely misses you.
It was a potion of haste.
You feel yourself speed up. Something hits you.
* * * LOW HITPOINT WARNING * * *
You miss something. Something hits you but does no damage.
You closely miss something.
The orc warrior hits you with a +2 vorpal hand axe.
* * * LOW HITPOINT WARNING * * *
x2 You barely miss the orc warrior.
You closely miss something. Something hits you but does no damage.
The orc warrior hits you with a +2 vorpal hand axe!
* * * LOW HITPOINT WARNING * * *
x2 You closely miss the orc warrior.
You slash something! Something hits you but does no damage.
The orc warrior hits you with a +2 vorpal hand axe!
* * * LOW HITPOINT WARNING * * *
x2 You barely miss the orc warrior.
You hit something. You barely miss the orc warrior. You closely miss something.
The orc warrior hits you with a +2 vorpal hand axe!
You die...

######### *#.....{.#
########### *#...####@#
#.........#
**.#.#.###o###.###.###.#
*,*#......)....# #.###<#
**,#.#.###.###.###..>#.#
**,,,***#.# #.......[.#
**,,,,,..#
####......#*** *,***####
#.##.#.#,,, **,****
#.##.....,> *,,,,,*
#(####.#..,


You could see an orc warrior.

Vanquished Creatures
  Duvessa (D:4)
  2 black bears
  An ogre (D:5)
  A phantom (D:4)
  Dowan (D:4)
  A jelly (D:4)
  An orc priest (D:3)
  A bullfrog skeleton (D:5)
  2 iguanas (D:5)
  7 orc wizards
  A hound skeleton (D:4)
  3 howler monkey skeletons
  A howler monkey zombie (D:5)
  7 adders
  A white imp (D:5)
  5 dart slugs
  14 orcs
  8 ball pythons
  5 endoplasms
  7 giant cockroaches
  8 goblins
  9 hobgoblins
  5 quokkas
  7 bats
  2 frilled lizards
  7 kobolds
  5 rats
113 creatures vanquished.

Vanquished Creatures (others)
  2 plants (D:5)
2 creatures vanquished.

Grand Total: 115 creatures vanquished

Notes
Turn   | Place    | Note
-------+----------+-------------------------------------------
     0 | D:1      | pkoi the Minotaur Gladiator began the quest for the Orb.
     0 | D:1      | Reached XP level 1. HP: 18/18 MP: 0/0
   169 | D:1      | Found a faded altar of an unknown god.
   174 | D:1      | Reached skill level 4 in Axes
   296 | D:1      | Reached XP level 2. HP: 25/25 MP: 1/1
  1050 | D:2      | Reached skill level 5 in Axes
  1053 | D:2      | Identified the +0 leather armour of the Thistle {rElec rF-
                  | rN+}
  1087 | D:2      | Reached XP level 3. HP: 30/30 MP: 2/2
  1631 | D:2      | Found Woun's Armour Shop.
  1898 | D:3      | Reached skill level 1 in Armour
  2011 | D:3      | Noticed a black bear
  2032 | D:3      | Killed a black bear
  2033 | D:3      | Reached skill level 6 in Axes
  2033 | D:3      | Reached XP level 4. HP: 24/38 MP: 3/3
  2033 | D:3      | Reached XP level 5. HP: 28/45 MP: 4/4
  2912 | D:4      | Noticed Duvessa
  2912 | D:4      | Noticed Dowan
  2914 | D:4      | Gained mutation: You expend magic power (3 MP) to
                  | strengthen your wands. [potion of mutation]
  2914 | D:4      | Gained mutation: You are robust. (+10% HP) [potion of
                  | mutation]
  2920 | D:4      | Killed Duvessa
  2921 | D:4      | Reached XP level 6. HP: 26/57 MP: 5/5
  2927 | D:4      | Killed Dowan
  2928 | D:4      | Reached skill level 7 in Axes
  4510 | D:4      | Reached XP level 7. HP: 60/66 MP: 6/6
  4529 | D:4      | Reached skill level 8 in Axes
  4718 | D:4      | Reached skill level 5 in Fighting
  4933 | D:5      | Entered Level 5 of the Dungeon
  6531 | D:5      | Reached skill level 9 in Axes
  6749 | D:6      | Noticed Sigmund
  6933 | D:6      | Reached XP level 8. HP: 45/77 MP: 7/7
  6942 | D:6      | Slain by an orc warrior

Illustrated notes

Levels and vault maps discovered:
D:1:      shiori_arrival_maze, layout_loops_ring, basic_ecumenical_altar
D:2:      layout_basic, serial_shops, shop
D:3:      layout_basic, nrook_campfire, due_unseen_surprise
D:4:      layout_basic, minmay_misc_feat_pillars, kennysheep_generic_room_11,
          uniq_duvessa
D:5:      layout_gridville, chequers_serial_rivers_room_a,
          guppyfry_early_lair_pool
D:6:      layout_loops_cross, uniq_sigmund

Skill      XL: |  1  2  3  4  5  6  7 |
---------------+----------------------+-----
Axes           | 4 5 6 7 9 |  9.1
Armour         | 2 3 4 |  4.9
Fighting       | 3 4 5 |  5.7
Throwing       | |  2.0
Dodging        | |  3.2

Action                   |  1- 3 |  4- 6 |  7- 9 || total
-------------------------+-------+-------+-------++-------
Melee: War axe           |   102 |    81 |   108 ||   291
       Headbutt          |    10 |    10 |    15 ||    35
       Punch             |     1 |     1 |     2 ||     4
  Use: Potion            |     3 |     2 |     2 ||     7
       Scroll            |     2 |     3 |     5 ||    10
Armor: Leather armour    |    26 |    13 |    24 ||    63
Dodge: Dodged            |    85 |    37 |    43 ||   165
Block: Other             |     4 |    18 |    16 ||    38
